 Dungeon Crawl Stone Soup version 0.20-a0-1122-gb7cbeb9 (webtiles) character file.

192 Manul the Sneak (level 5, -4/27 HPs)
             Began as a Spriggan Assassin on May 13, 2017.
             Slain by Natasha (6 damage)
             ... on level 2 of the Dungeon.
             The game lasted 00:02:04 (1818 turns).

Manul the Sneak (Spriggan Assassin)                 Turns: 1818, Time: 00:02:05

Health: -4/27      AC:  3    Str:  7    XL:     5   Next: 42%
Magic:  6/6        EV: 18    Int: 18    God:
Gold:   56         SH:  0    Dex: 18    Spells: 4/4 levels left

rFire    . . .     SeeInvis +   a - +2 dagger
rCold    . . .     Gourm    .   (shield restricted)
rNeg     . . .     Faith    .   c - +0 robe
rPois    .         Spirit   .   (helmet restricted)
rElec    .         Reflect  .   d - +0 cloak
rCorr    .         Harm     .   (gloves unavailable)
MR       .....                  (boots unavailable)
Stlth    ++++......             (no amulet)
Regen    0.1/turn               (no ring)
MPRegen  0.1/turn               (no ring)

@: brilliant, flying, very quick
A: unfitting armour, see invisible, herbivore 3, speed 3, slow metabolism 2
a: no special abilities


You were on level 2 of the Dungeon.
You were not hungry.

You visited 1 branch of the dungeon, and saw 2 of its levels.

You collected 56 gold pieces.

Inventory:

Hand Weapons
 a - a +2 dagger (weapon)
 b - a +0 blowgun
Missiles
 e - 3 poisoned needles
Armour
 c - a +0 robe (worn)
 d - a +0 cloak (worn)
Scrolls
 i - 3 scrolls of enchant armour {unknown}
 m - a scroll of random uselessness {unknown}
 n - a scroll of teleportation {unknown}
 p - a scroll of enchant weapon {unknown}
 q - 2 scrolls of identify {unknown}
 r - a scroll of remove curse {unknown}
Potions
 h - a potion of mutation {unknown}
 j - a potion of flight
 k - a potion of agility {unknown}
Comestibles
 g - 2 bread rations


   Skills:
 + Level 2.3 Fighting
 + Level 3.4 Short Blades
 + Level 2.8 Throwing
 + Level 3.0 Dodging
 + Level 7.7 Stealth


You had 4 spell levels left.
You didn't know any spells.

Dungeon Overview and Level Annotations

Branches:
Dungeon (2/15)

Altars:
Cheibriados

Annotations:
D:1 1 runed door
D:2 Natasha


Innate Abilities, Weirdness & Mutations

You are very small and have problems with some larger weapons.
You are too small for most types of armour.
You have supernaturally acute eyesight. (SInv)
You are a herbivore.
You cover ground extremely quickly.
You need consume almost no food.


Message History

Wield which item (- for none, * to show all)? (? for menu, Esc to quit)
a - a +2 dagger (weapon)
You hit Natasha.
Natasha is moderately wounded.
Natasha barely misses you.
You hit Natasha.
Natasha is moderately wounded.
Natasha stares at you and mumbles some strange words.
The magic dart hits you!
It was a potion of flight.
You feel very buoyant.
You fly up into the air.
Natasha casts a spell at you. The magic dart hits you!
* * * LOW HITPOINT WARNING * * *
Unknown command.
It was a potion of brilliance.
You feel clever all of a sudden. Natasha claws you.
You die...

......# #........# #.#.....
......# #........# #..##.##
......# #..).....# ####.#....
......# #........# #..........##
..#...# #.<......####......#...#
..#...###..........##......#...#
###...##..........(##.#######..##
######.####....h.##.# #....
#........@..##.# #..##
######......##.########.##
#....(.....)).†((..((>##
###########(#########.###########
..)......##.##.....##.# #
##.......##)##.###.##.### #
#.......##.##..........##### #
#.......##.##............... .
#.......##.##..........##### #


You could see Natasha.

Vanquished Creatures
  Jessica (D:2)
  Natasha (twice) (D:2)
  4 gnolls (D:2)
  4 adders (D:2)
  2 dart slugs (D:2)
  A leopard gecko (D:1)
  3 giant cockroaches
  4 goblins
  6 hobgoblins
  A quokka (D:2)
  2 bats (D:1)
  A frilled lizard (D:2)
  5 kobolds
  7 rats
43 creatures vanquished.

Notes
Turn   | Place    | Note
-------+----------+-------------------------------------------
     0 | D:1      | Manul the Spriggan Assassin began the quest for the Orb.
     0 | D:1      | Reached XP level 1. HP: 10/10 MP: 2/2
     2 | D:1      | Found a runed door.
   119 | D:1      | Reached skill level 6 in Stealth
   332 | D:1      | Reached XP level 2. HP: 11/14 MP: 3/3
   797 | D:2      | Noticed Jessica
   812 | D:2      | Killed Jessica
   812 | D:2      | Reached XP level 3. HP: 18/18 MP: 4/4
   844 | D:2      | Reached skill level 7 in Stealth
   966 | D:2      | Reached XP level 4. HP: 17/23 MP: 5/5
  1291 | D:2      | Noticed Natasha
  1294 | D:2      | Killed Natasha
  1307 | D:2      | Found a snail-covered altar of Cheibriados.
  1413 | D:2      | Noticed Natasha
  1496 | D:2      | Killed Natasha
  1496 | D:2      | Reached XP level 5. HP: 26/26 MP: 6/6
  1802 | D:2      | Noticed Natasha
  1818 | D:2      | Slain by Natasha

Vault maps used:
D:1:      dpeg_arrival_caged_fury
D:2:      marbit_many_paths, uniq_natasha, uniq_jessica

Skill      XL: |  1  2  3  4  5 |
---------------+----------------+-----
Stealth        | 6 7 |  7.7
Dodging        | 2 3 |  3.0
Fighting       | 2 |  2.3
Short Blades   | 3 |  3.4
Throwing       | |  2.8

Action                   |  1- 3 |  4- 6 || total
-------------------------+-------+-------++-------
Melee: Dagger            |    79 |    50 ||   129
 Fire: Blowgun           |     8 |    26 ||    34
  Use: Potion            |       |     3 ||     3
 Stab: Sleeping          |    10 |     4 ||    14
       Distracted        |       |     2 ||     2
Armor: Robe              |    11 |     4 ||    15
Dodge: Dodged            |    61 |    34 ||    95
